 Dungeon Crawl Stone Soup version 0.19.0-9-gfd783f2 (webtiles) character file.

48 Banto the Slasher (level 3, -1/24 HPs)
             Began as a High Elf Skald on Nov 7, 2016.
             Killed from afar by a dart slug (5 damage)
             ... with a slug dart
             ... on level 2 of the Dungeon on Nov 8, 2016.
             The game lasted 00:01:58 (1059 turns).

Banto the Slasher (High Elf Skald)                  Turns: 1059, Time: 00:01:59

Health: -1/24      AC:  5    Str:  9    XL:     3   Next: 50%
Magic:  0/7        EV: 12    Int: 16    God:
Gold:   78         SH:  0    Dex: 13    Spells: 3 memorised, 1 level left

rFire  + . .     SeeInvis .     a - +0 falchion
rCold  . . .     Gourm    .     b - +0 leather armour
rNeg   . . .     Faith    .     (no shield)
rPois  .         Spirit   .     (no helmet)
rElec  .         Reflect  .     m - +1 cloak
rCorr  .         Harm     .     (no gloves)
MR     +....                    (no boots)
Stlth  +.........               (no amulet)
                                l - ring of protection from fire
                                p - ring of protection from magic

@: lethally poisoned (-1 -> -3), infused, very slightly contaminated
A: blink, clumsy 1, weak 1
a: Blink


You were on level 2 of the Dungeon.
You were not hungry.

You visited 1 branch of the dungeon, and saw 2 of its levels.

You collected 78 gold pieces.

Inventory:

Hand Weapons
 a - a +0 falchion (weapon)
Armour
 b - a +0 leather armour (worn)
 m - a +1 cloak (worn)
Jewellery
 g - an uncursed ring of flight
 l - a ring of protection from fire (right hand)
 p - a ring of protection from magic (left hand)
Scrolls
 f - a scroll of identify
 k - 2 scrolls of remove curse
Potions
 e - a potion of agility
 j - a potion of might
 n - a potion of lignification
 o - a potion of invisibility
 q - a potion of brilliance
Books
 c - a book of Battle

   Spells                             Type                      Level
   a - Infusion                       Charms                       1
   b - Shroud of Golubria             Charms/Translocation         2
   c - Song of Slaying                Charms                       2
   d - Spectral Weapon                Hexes/Charms                 3
   e - Regeneration                   Charms/Necromancy            3
Comestibles
 d - 3 bread rations
 h - a slice of pizza


   Skills:
 - Level 2.0 Fighting
 + Level 3.7 Long Blades
 - Level 0.8 Armour
 + Level 2.8 Dodging
 - Level 2.4 Spellcasting
 - Level 3.6 Charms


You had one spell level left.
You knew the following spells:

 Your Spells              Type           Power        Failure   Level  Hunger
a - Infusion              Chrm           ##..         8%          1    #......
b - Song of Slaying       Chrm           ##......     12%         2    ###....
c - Shroud of Golubria    Chrm/Tloc      #.........   24%         2    ###....


Dungeon Overview and Level Annotations

Branches:
Dungeon (2/15)

Altars:


Innate Abilities, Weirdness & Mutations

You can translocate small distances at will.
You are clumsy. (Dex -2)
You are weak. (Str -2)


Message History

You kill the adder!
The dart slug launches a dart at you. The slug dart misses you.
You hit the dart slug.
The dart slug is heavily wounded.
You feel sick. The dart slug misses you.
You take 1 damage, and have 9/24 hp.
You hit the dart slug but do no damage.
The dart slug is heavily wounded.
You hit the dart slug.
The dart slug is severely wounded.
The dart slug launches a dart at you. The slug dart hits you!
* * * LOW HITPOINT WARNING * * *
You take 6 damage, and have 3/24 hp.
MASSIVE DAMAGE!!
You hit the dart slug.
The dart slug is almost dead.
The dart slug launches a dart at you. The slug dart hits you!
You die...

.######)##.#.(.....# .#
#....#.......# .#
###..........# ##
##.....##### # ###....##
####### ..######......#
......#
#........##...###......#
###........#..........#
#...######.....@w.....#
..# #....###......# .
#....# ......# #....#
......# #....# ......#
#....# ####### #....#
#....# #....#


You could see a dart slug.

Vanquished Creatures
  An adder (D:2)
  An ooze (D:2)
  A worm (D:2)
  A leopard gecko (D:1)
  3 ball pythons
  4 bats
  2 giant cockroaches (D:1)
  3 goblins (D:1)
  4 hobgoblins
  A frilled lizard (D:1)
  6 kobolds
  3 rats
30 creatures vanquished.

Notes
Turn   | Place    | Note
-------+----------+-------------------------------------------
     0 | D:1      | Banto the High Elf Skald began the quest for the Orb.
     0 | D:1      | Reached XP level 1. HP: 14/14 MP: 4/4
   115 | D:1      | Reached XP level 2. HP: 15/19 MP: 4/6
   369 | D:1      | Learned a level 2 spell: Song of Slaying
   372 | D:1      | Learned a level 2 spell: Shroud of Golubria
   566 | D:2      | Gained mutation: You are weak. (Str -2) [potion of mutation]
   566 | D:2      | Gained mutation: You are clumsy. (Dex -2) [potion of mutation]
   566 | D:2      | Gained mutation: You can translocate small distances at will. [potion of mutation]
   701 | D:2      | Reached XP level 3. HP: 9/24 MP: 7/7
  1059 | D:2      | Killed from afar by a dart slug

Skill      XL: |  1  2 |
---------------+-------+-----
Dodging        | 2 |  2.8
Long Blades    | 3 |  3.7
Fighting       | |  2.0
Armour         | |  0.8
Spellcasting   | |  2.4
Charms         | |  3.6

Action                   || total
-------------------------++-------
Melee: Falchion          ||    77
 Cast: Infusion          ||     3
       Shroud of Golubri ||     1
  Use: Scroll            ||     8
       Potion            ||     1
  Eat: Chunk             ||     1
Armor: Leather armour    ||    23
Dodge: Dodged            ||    57
       Rpst.: Falchion   ||    18

Table legend:
 A = Turns spent in this place as a percentage of turns spent in the entire game.
 B = Non-inter-level travel turns spent in this place as a percentage of non-inter-level travel turns spent in the entire game.
 C = Inter-level travel turns spent in this place as a percentage of turns spent in this place.
 D = Turns resting spent in this place as a percentage of non-inter-level travel turns spent in this place.
 E = Turns spent auto-exploring this place as a percentage of non-inter-level travel turns spent in this place.
 F = Non-inter-level travel turns spent in this place divided by the number of levels of this place that you've seen.
                   A       B       C       D       E      F
               +-------+-------+-------+-------+-------+----------------------
         Total | 100.0 | 100.0 |   0.3 |   1.2 |  14.1 | 163.5
       Dungeon | 100.0 | 100.0 |   0.3 |   1.2 |  14.1 | 163.5
               +-------+-------+-------+-------+-------+----------------------

Table legend:
 A = Kills in this place as a percentage of kills in entire the game.
 B = Kills by you in this place as a percentage of kills by you in the entire game.
 C = Kills by friends in this place as a percentage of kills by friends in the entire game.
 D = Other kills in this place as a percentage of other kills in the entire game.
 E = Experience gained in this place as a percentage of experience gained in the entire game.
 F = Experience gained in this place divided by the number of levels of this place that you have seen.
                   A       B       C       D       E      F
               +-------+-------+-------+-------+-------+----------------------
         Total | 100.0 | 100.0 |  -nan |  -nan | 100.0 |  34.5
       Dungeon | 100.0 | 100.0 |  -nan |  -nan | 100.0 |  34.5
               +-------+-------+-------+-------+-------+----------------------
